 Dungeon Crawl Stone Soup version 0.22-a0-430-g6609fc6 (webtiles) character file.

15 Gorglomux the Ducker (level 2, -8/16 HPs)
             Began as a Spriggan Berserker on May 26, 2018.
             Mangled by a polar bear (24 damage)
             ... created by the rage of Trog
             ... on level 2 of the Dungeon.
             The game lasted 00:02:22 (638 turns).

Gorglomux the Ducker (Spriggan Berserker)            Turns: 638, Time: 00:02:23

Health: -8/16      AC:  2    Str: 13    XL:     2   Next: 34%
Magic:  3/3        EV: 19    Int:  8    God:
Gold:   0          SH:  0    Dex: 15    Spells: 1/1 levels left

rFire    . . .     SeeInvis +   a - +0 short sword
rCold    . . .     Gourm    .   (shield restricted)
rNeg     . . .     Faith    .   b - +0 animal skin
rPois    .         Spirit   .   (helmet restricted)
rElec    .         Reflect  .   (no cloak)
rCorr    .         Harm     .   (gloves unavailable)
MR       .....                  (boots unavailable)
Stlth    +.........             (no amulet)
HPRegen  0.05/turn              (no ring)
MPRegen  0.08/turn              (no ring)

@: confused, slowed, quick
A: very small, unfitting armour, see invisible, herbivore, speed 3, slow
metabolism 2
a: no special abilities


You were on level 2 of the Dungeon.
You were not hungry.

You visited 1 branch of the dungeon, and saw 2 of its levels.

Inventory:

Hand Weapons
 a - a +0 short sword (weapon)
Armour
 b - a +0 animal skin (worn)
Scrolls
 d - a scroll of noise {unknown}
 e - a scroll of enchant weapon {unknown}
 g - a scroll of remove curse {unknown}
 h - a scroll of identify {unknown}
Comestibles
 c - a ration


   Skills:
 + Level 2.8 Fighting
 - Level 3.2 Short Blades
 - Level 4.4 Dodging
 + Level 2.3 Stealth


You had one spell level left.
You didn't know any spells.
Your spell library was empty.

Dungeon Overview and Level Annotations

Branches:
Dungeon (2/15)

Altars:


Innate Abilities, Weirdness & Mutations

You are very small and have problems with some larger weapons.
You are too small for most types of armour.
You have supernaturally acute eyesight. (SInv)
You are a herbivore.
You cover ground extremely quickly.
You need to consume almost no food.


Message History

There is a stone staircase leading up here!
h - a scroll labeled MURALI QADGH
There is a stone staircase leading up here!
You climb upwards!
There is a stone staircase leading down butt!
You climb downwards!
There is a stone staircase leading up here!
The polar bear growls angrily!
The polar butt is too close now for your liking!
A polar bear butts nearby!!!
Trog butts monsters to punish you!
The divine experience drains your vigour!!!
You feel yourself slow down! 2 polar bears and a black bear come into view!
Unknown command!
It was a potion of ambrosia!
You are confused!
You feel invigorated! The polar bear bites you!!!!!!
DANG rip

######.....# #.......####
#.####### #.# #.# #.# ####
#.# #.. #.# #.# #.# #@# #
#.# ##h######. #.#
#hh......# ## #.#
#..####.## .# #.# #..# #..#
.# #.# #..# #..## ##.#
#.#######..###...## ##.####
#.................###......
#########.####...#†...#####


You could see 2 polar bears and a black bear (berserk).

Vanquished Creatures
  2 dart slugs (D:1)
  A leopard gecko (D:2)
  2 goblins (D:1)
  A kobold (D:2)
  A ball python (D:1)
  A bat (D:2)
  3 rats
11 creatures vanquished.

Notes
Turn   | Place    | Note
-------+----------+-------------------------------------------
     0 | D:1      | Gorglomux the Spriggan Berserker began the quest for the Orb.
     0 | D:1      | Reached XP level 1. HP: 11/11 MP: 2/2
     0 | D:1      | Fell from the grace of Trog
   132 | D:1      | Reached skill level 1 in Stealth
   175 | D:1      | Noticed a polar bear
   175 | D:1      | Noticed a polar bear
   298 | D:1      | Reached XP level 2. HP: 13/16 MP: 3/3
   637 | D:2      | Noticed a polar bear
   637 | D:2      | Noticed a polar bear
   637 | D:2      | Noticed a black bear
   638 | D:2      | Mangled by a polar bear

Vault maps used:
D:1:      dpeg_arrival_orchard

Skill      XL: |  1  2 |
---------------+-------+-----
Stealth        | 1 2 |  2.3
Fighting       | |  2.8
Short Blades   | |  3.2
Dodging        | |  4.4

Action                   || total
-------------------------++-------
Melee: Short sword       ||    45
Invok: Renounce Religion ||     1
  Use: Potion            ||     1
 Stab: Sleeping          ||     1
Armor: Animal skin       ||     2
Dodge: Dodged            ||    47

Table legend:
 A = Spawn XP
 B = Non-spawn XP
 C = Spawn XP percentage of total XP
 D = Spawn monster count
 E = Non-spawn monster count
 F = Spawn count percentage of total count
 G = Total turns spent on level
                    A         B        C        D         E        F      G
               +---------+---------+-------+---------+---------+-------+---------
         Total |       0 |      22 |   0.0 |       0 |      11 |   0.0 |   638
               +---------+---------+-------+---------+---------+-------+---------
           D:1 |       0 |      15 |   0.0 |       0 |       7 |   0.0 |   480
           D:2 |       0 |       7 |   0.0 |       0 |       4 |   0.0 |   158
               +---------+---------+-------+---------+---------+-------+---------
